 Dungeon Crawl Stone Soup version 0.19-GnollCrawlA-1-g03664ee (webtiles) character file.

1796 AlphabetPasta the Ducker (level 1, -4/22 HPs)
             Began as a Troll Berserker on Dec 11, 2016.
             Was a High Priest of Trog.
             Slain by a gnoll
             ... wielding a +0 spear
              (9 damage)
             ... on level 10 of the Dungeon.
             The game lasted 00:49:43 (8344 turns).

AlphabetPasta the Ducker (Troll Berserker)          Turns: 8344, Time: 00:49:44

Health: -4/22      AC:  8    Str: 24    XL:     1   Next: 0%
Magic:  0/0        EV: 10    Int:  3    God:    Trog [*****.]
Gold:   425        SH:  0    Dex:  9    Spells: 0 memorised, 0 levels left

rFire  . . .     SeeInvis +     e - +6 halberd (venom)
rCold  . . .     Gourm    +     o - +2 robe {MR+}
rNeg   . . .     Faith    .     (shield currently unavailable)
rPois  .         Spirit   .     (helmet restricted)
rElec  .         Dismiss  .     A - +0 cloak
rCorr  .         Reflect  .     (gloves unavailable)
SustAt +         Harm     .     (boots unavailable)
MR     +....                    (no amulet)
Stlth  +.........               j - ring of see invisible
                                n - ring of sustain attributes

@:
A: unfitting armour, claws 3, fast metabolism 3, gourmand, regeneration 2,
shaggy fur 1, tough skin 2
a: Berserk, Trog's Hand, Brothers in Arms, Burn Spellbooks, Renounce Religion


You were on level 10 of the Dungeon.
You worshipped Trog.
Trog was extremely pleased with you.
You were completely stuffed.

You visited 1 branch of the dungeon, and saw 10 of its levels.
You also visited: Sewer and Ossuary.

You collected 586 gold pieces.
You spent 161 gold pieces at shops.

Inventory:

Hand Weapons
 a - a +0 spear
 e - a +6 halberd of venom (weapon)
Missiles
 f - 157 arrows
 p - 3 javelins (quivered)
Armour
 b - a +0 animal skin
 o - a +2 robe of magic resistance (worn)
 A - a +0 cloak (worn)
Jewellery
 h - an uncursed ring of fire
 j - a ring of see invisible (right claw)
 n - a ring of sustain attributes (left claw)
Wands
 d - a wand of acid (3/15)
 x - a wand of slowing (46/48)
 E - a wand of flame (4/48)
 G - a wand of digging (16/24)
Scrolls
 g - 6 scrolls of teleportation
 q - 3 scrolls of identify
 s - 3 scrolls of fear
 t - a scroll of magic mapping
 y - 8 scrolls of remove curse
 B - 6 scrolls of enchant armour
 C - a scroll of blinking
Potions
 k - 5 potions of flight
 m - 3 potions of brilliance
 r - 8 potions of heal wounds
 u - 3 potions of agility
 v - a potion of cure mutation
 w - a potion of magic
 D - a potion of haste
 H - 2 potions of cancellation
 I - a potion of invisibility
Comestibles
 c - 4 bread rations
 i - 3 beef jerkies
 l - 5 fruits
 z - 2 meat rations
 F - 2 slices of pizza
 J - 2 royal jellies


   Skills:
 + Level 2.4 Fighting
 + Level 2.4 Polearms
 + Level 2.4 Dodging


You couldn't memorise any spells.
You didn't know any spells.

Dungeon Overview and Level Annotations

Branches:
Dungeon (10/15)            Temple (0/1) D:2             Orc (0/2) D:10
   Lair: D:8-11

Altars:
Qazlal
Ru

Shops:
D:4 *?(!!   D:5 :


Innate Abilities, Weirdness & Mutations

You are too large for most types of armour.
You have claws for hands.
Your metabolism is lightning-fast.
You like to eat raw meat.
You heal very quickly.
You are covered in fur. (AC +1)
You have very tough skin. (AC +2)


Message History

Aim: a gnoll, wielding a spear You reach to attack!
You puncture the gnoll!
The gnoll is poisoned.
The gnoll is heavily wounded.
The gnoll hits you but does no damage.
The gnoll hits you from afar with a spear.
Attack whom?
Press: ? - help, Dir - move target cursor, f/p - gnoll
Aim: a gnoll, wielding a spear (heavily wounded, poisoned)
You reach to attack!
You barely miss the gnoll.
The gnoll is heavily wounded.
The gnoll hits you from afar with a spear.
Attack whom?
Press: ? - help, Dir - move target cursor, f/p - gnoll
Aim: a gnoll, wielding a spear (severely wounded, poisoned)
The plant is in the way.
You slice the plant!!
The plant is heavily damaged.
The gnoll hits you from afar with a spear.
* * * LOW HITPOINT WARNING * * *
The gnoll hits you from afar with a spear!
You die...

#.......!#.# #.?...
#........#.###.....
######........#..##..)..
#P≈PP######.#≈.P........
#P≈≈P.# #....P≈.###.....
#PPP≈P.##.#.P≈≈P# ##.###
#PPP≈Pg...#..≈♣P# #.###
#.PP♣≈P.####P≈P.# #...#
#.≈P≈≈≈@# #PP≈≈P# ###..
#.#.P≈≈P..PP≈≈P≈# ####


#PP♣≈P.PPP♣♣PP# #... ##≈P♣PPPP≈♣≈PP# #... #.≈≈♣♣P♣♣♣≈≈######... ##P≈
♣♣≈≈≈≈.....'... #PP ♣≈♣P≈..#####... .P ≈≈≈≈PP### #### P≈≈≈PPP You could see a
gnoll.

Vanquished Creatures
  177 gnolls
  The ghost of hoot the Vandal, a weakling FoHu (D:3)
  The ghost of Fusentrap the Shield-Bearer, a weakling DDFi of Elyvilon (D:5)
  The ghost of edsrzf the Sneak, a weakling SpAs of Ru (Sewer)
  37 gnoll skeletons (Ossuary)
217 creatures vanquished.

Notes
Turn   | Place    | Note
-------+----------+-------------------------------------------
     0 | D:1      | AlphabetPasta the Troll Berserker began the quest for the Orb.
     0 | D:1      | Reached XP level 1. HP: 22/22 MP: 0/0
   699 | D:1      | Reached ** piety under Trog
  1436 | D:2      | Found a staircase to the Ecumenical Temple.
  2031 | D:3      | Noticed hoot's ghost (weakling FoHu)
  2061 | D:3      | Killed hoot's ghost
  2205 | D:3      | Reached *** piety under Trog
  2298 | D:3      | Found a stormy altar of Qazlal.
  2484 | D:3      | Found a glowing drain.
  2491 | Sewer    | Entered a sewer
  2510 | Sewer    | Noticed edsrzf's ghost (weakling SpAs)
  2534 | Sewer    | Killed edsrzf's ghost
  2583 | Sewer    | Found a white marble altar of Elyvilon.
  3017 | D:4      | Found Sijoytyunal's Distillery.
  3032 | D:4      | Bought a potion of degeneration for 10 gold pieces
  3032 | D:4      | Bought a potion of lignification for 30 gold pieces
  3032 | D:4      | Bought a potion of heal wounds for 50 gold pieces
  3204 | D:4      | Found Pekoegel's Distillery.
  3258 | D:4      | Found Micwelef's Magic Scroll Shoppe.
  3262 | D:4      | Bought a scroll of magic mapping for 35 gold pieces
  3275 | D:4      | Found a sand-covered staircase.
  3279 | Ossuary  | Entered an ossuary
  3932 | D:4      | Found Piamu's General Store.
  3956 | D:4      | Bought a scroll of remove curse for 36 gold pieces
  4140 | D:4      | Found Ahigaruq's Antique Weapon Shop.
  4390 | D:5      | Entered Level 5 of the Dungeon
  4449 | D:5      | Found Likhlaemno's Book Shoppe.
  4669 | D:5      | Noticed Fusentrap's ghost (weakling DDFi)
  4682 | D:5      | Killed Fusentrap's ghost
  4771 | D:5      | Reached **** piety under Trog
  6232 | D:7      | Found a sacrificial altar of Ru.
  6859 | D:8      | Reached ***** piety under Trog
  7826 | D:10     | Entered Level 10 of the Dungeon
  8043 | D:10     | Found a staircase to the Orcish Mines.
  8344 | D:10     | Slain by a gnoll

Action                   || total
-------------------------++-------
Melee: Halberd           ||   494
       Spear             ||     8
Throw: Javelin           ||    41
Invok: Berserk           ||    17
       Burn Spellbooks   ||     1
Evoke: Wand              ||     7
  Use: Scroll            ||    33
       Potion            ||     4
 Stab: Sleeping          ||     4
       Invisible         ||     1
  Eat: Chunk             ||     6
Armor: Robe              ||    52
       Animal skin       ||     6
Dodge: Dodged            ||   185
